 Dungeon Crawl Stone Soup version 0.28-a0-563-gf77a47075d (webtiles) character file.

Game seed: 17217471395388700021

60 jasper the Grasshopper (level 3, -3/28 HPs)
             Began as a Demonspawn Warper on Sept 30, 2021.
             Slain by a hound (5 damage)
             ... on level 3 of the Dungeon.
             The game lasted 00:03:24 (1923 turns).

jasper the Grasshopper (Demonspawn Warper)          Turns: 1923, Time: 00:03:24

Health: -3/28      AC:  4    Str: 11    XL:     3   Next: 82%
Magic:  6/6        EV: 11    Int: 15    God:
Gold:   55         SH:  0    Dex: 12    Spells: 3/6 levels left

rFire   . . .      SeeInvis .   d - +0 hunting sling
rCold   . . .      Faith    .   (no shield)
rNeg    . . .      Spirit   .   a - +0 leather armour
rPois   .          Reflect  .   (no helmet)
rElec   .          Harm     .   g - +0 cloak
rCorr   .          Rampage  .   (no gloves)
Will    .....                   (no boots)
Stlth   +.........              (no amulet)
HPRegen 0.09/turn               (no ring)
MPRegen 0.10/turn               (no ring)

@: no status effects
A: powered by death 1
a: no special abilities


You were on level 3 of the Dungeon.
You visited 1 branch of the dungeon, and saw 3 of its levels.

You collected 55 gold pieces.

Inventory:

Hand Weapons
 d - a +0 hunting sling (weapon)
Missiles
 c - a boomerang of dispersal
 f - 24 stones (quivered ammo)
Armour
 a - a +0 leather armour (worn)
 g - a +0 cloak (worn)
Magical Staves
 b - a staff of earth
Scrolls
 e - a scroll of identify {unknown}
 h - a scroll of teleportation {unknown}
 i - a scroll of vulnerability {unknown}
 j - a scroll of summoning {unknown}


   Skills:
 + Level 2.6 Fighting
 - Level 0.8 Throwing
 - Level 0.8 Armour
 + Level 2.3 Dodging
 * Level 2.8 Unarmed Combat
 - Level 2.0 Spellcasting
 - Level 3.0 Translocations


You had 3 spell levels left.
You knew the following spells:

 Your Spells              Type           Power      Damage    Failure   Level
a - Blink                 Tloc           N/A        N/A       13%         2
b - Animate Skeleton      Necr           2%         N/A       28%         1

Your spell library contained the following spells:

 Spells                   Type           Power      Damage    Failure   Level
 Gell's Gravitas          Tloc           5%         N/A       26%         3
 Lesser Beckoning         Tloc           10%        N/A       26%         3
 Teleport Other           Tloc           10%        N/A       26%         3
 Pain                     Necr           4%         1d4       28%         1
 Vampiric Draining        Necr           0%         2d6       65%         3
 Manifold Assault         Tloc           10%        N/A       93%         5


Dungeon Overview and Level Annotations

Branches:
Dungeon (3/15)

Altars:

Annotations:
D:1 1 runed translucent door
D:3 2 transporters


Innate Abilities, Weirdness & Mutations

You regenerate a little health from kills.


Message History

Fire: 25 stones
Press: ? - help, Q - select action, (/) - cycle Shift-Dir - straight line, f/p - hound
Aim: a hound (moderately wounded, 46% to hit)
You shoot a stone.
The stone hits the hound but does no damage.
The hound is moderately wounded.
The hound barely misses you. x2
You aren't carrying any potions.
Okay, then.
Throw: 5 boomerangs (disperse)
Press: ? - help, Shift-Dir - straight line, f/p - hound
Aim: a hound (moderately wounded, 46% to hit)
You throw a boomerang of dispersal.
The boomerang of dispersal hits the hound.
The hound blinks!
The hound is heavily wounded.
The hound barely misses you.
Throw: 4 boomerangs (disperse)
Press: ? - help, Shift-Dir - straight line, f/p - hound
Aim: a hound (heavily wounded, 46% to hit)
You throw a boomerang of dispersal.
The boomerang of dispersal misses the hound.
The hound misses you. The hound barely misses you.
Throw: 3 boomerangs (disperse)
Press: ? - help, Shift-Dir - straight line, f/p - hound
Aim: a hound (heavily wounded, 46% to hit)
You throw a boomerang of dispersal.
The boomerang of dispersal hits the hound but does no damage.
The hound is heavily wounded.
The hound bites you.
* * * LOW HITPOINT WARNING * * *
You take 1 damage, and have 2/28 hp.
Okay, then.
Throw: 2 boomerangs (disperse)
Press: ? - help, Shift-Dir - straight line, f/p - hound
Aim: a hound (heavily wounded, 46% to hit)
You throw a boomerang of dispersal.
The boomerang of dispersal closely misses the hound.
The hound bites you.
You die...

##......#.##.....>..# #
#.....#####.##.##.#####
# ##.#####.......##.# #
## #.##.......#
#.####...###
#>##.........
#.##.#...##.#
#....h..## # ####@####
#..(.# #..<.# #(..##
##.# #. #. ##


You could see a hound.

Vanquished Creatures
  An adder (D:3)
  2 worms (D:3)
  2 dart slugs
  4 orcs (D:3)
  4 ball pythons
  5 endoplasms
  A giant cockroach (D:2)
  A goblin (D:2)
  7 hobgoblins
  A quokka (D:2)
  A bat (D:1)
  4 frilled lizards (D:2)
  A kobold (D:2)
  3 rats
37 creatures vanquished.

Notes
Turn   | Place    | Note
-------+----------+-------------------------------------------
     0 | D:1      | jasper the Demonspawn Warper began the quest for the Orb.
     0 | D:1      | Reached XP level 1. HP: 16/16 MP: 3/3
     1 | D:1      | Found a runed translucent door.
     3 | D:1      | Noticed a jelly
   360 | D:1      | Gained mutation: You regenerate a little health from kills.
                  | [demonic ancestry]
   360 | D:1      | Reached XP level 2. HP: 22/22 MP: 5/5
   494 | D:1      | You fall into a shaft and drop 1 floor!
   993 | D:2      | Reached XP level 3. HP: 24/28 MP: 6/6
  1348 | D:3      | Reached skill level 3 in Translocations
  1357 | D:3      | Found a transporter.
  1361 | D:3      | Learned a level 2 spell: Blink
  1363 | D:3      | Learned a level 1 spell: Animate Skeleton
  1389 | D:3      | Found a transporter.
  1923 | D:3      | Slain by a hound

Illustrated notes

Levels and vault maps discovered:
D:1:      dpeg_arrival_caged_fury, layout_loops_corners,
          dilly_ecumenical_altar_fadedgnrine, minivault_19
D:2:      minmay_skewed_foursquare, layout_basic
D:3:      gammafunk_steamed_eel, layout_loops_cross, hangedman_decor_growths,
          minmay_goblin_kobold_house

Skill      XL: |  1  2  3 |
---------------+----------+-----
Unarmed Combat | 2 |  2.8
Dodging        | 2 |  2.3
Translocations | 3 |  3.0
Fighting       | |  2.6
Throwing       | |  0.8
Armour         | |  0.8
Spellcasting   | |  2.0

Action                   || total
-------------------------++-------
Melee: Unarmed           ||    31
 Fire: Hunting sling     ||   149
Throw: Boomerang         ||     4
  Use: Scroll            ||     1
Armor: Leather armour    ||    23
Dodge: Dodged            ||    61

Table legend: (Time is in decaauts)
 A = Elapsed time spent in this place.
 B = Non-inter-level travel time spent in this place.
 C = Inter-level travel time spent in this place.
 D = Time resting spent in this place.
 E = Time spent auto-exploring this place.
 F = Levels seen in this place.
 G = Mean time per level.
                   A        B        C        D        E       F      G
               +--------+--------+--------+--------+--------+-----+--------+
         Total |   1950 |   1921 |     29 |    141 |   1378 |   3 |  650.0 |
       Dungeon |   1950 |   1921 |     29 |    141 |   1378 |   3 |  650.0 |
               +--------+--------+--------+--------+--------+-----+--------+

Top non-repeatable levels by time:
     D:2: 852 daAuts
     D:3: 605 daAuts
     D:1: 492 daAuts
